NCAA
UCLA BRUINS @ CALIFORNIA GOLDEN BEARS
05/08/2024
 
TOP OF THE 1ST
UCLA Bruins batting - Pitching for California Golden Bears : RHP Steve Deal
Pitching: RHP Steve Deal
Batting: LHB Pedro Ramos 0-0: Foul Ball, location: 2F
0-1: Swinging Strike
0-2: Foul Ball, location: 2F
0-2: Strikes out swinging
Batting: RHB Roberto Rodríguez 0-0: Foul Ball, location: 2F
0-1: Foul Ball, location: 2F
0-2: Ball
1-2: SINGLE (Groundball, 4M)
Batting: LHB Brian Bauer 0-0: Swinging Strike
0-1: Foul Ball, location: 2F
0-2: Grounds into double play, 4-6-3 (Groundball, 34)
Top of the 1st over - 0 run(s), 1 hit(s), 0 error(s), 0 left on base; UCLA 0 - California 0
BOTTOM OF THE 1ST
California Golden Bears batting - Pitching for UCLA Bruins : RHP Manuel González
Pitching: RHP Manuel González
Batting: LHB Noah Gillespie 0-0: Foul Ball, location: 2F
0-1: Bunt for hit - play at first, batter OUT! 5-3
Batting: RHB Júlio López 0-0: Called Strike
0-1: Ball
1-1: Ball
2-1: Foul Ball, location: 2F
2-2: Foul Ball, location: 2F
2-2: Foul Ball, location: 2F
2-2: Ground out U3 (Groundball, 3S)
Batting: LHB Sergio Fernández 0-0: Ball
1-0: Called Strike
1-1: Ball
2-1: Foul Ball, location: 2F
2-2: Foul Ball, location: 2F
2-2: Ground out 4-3 (Groundball, 4)
Bottom of the 1st over - 0 run(s), 0 hit(s), 0 error(s), 0 left on base; UCLA 0 - California 0
TOP OF THE 2ND
UCLA Bruins batting - Pitching for California Golden Bears : RHP Steve Deal
Batting: RHB Dean Bailey 0-0: Ball
1-0: Ball
2-0: Ball
3-0: Called Strike
3-1: Called Strike
3-2: Strikes out swinging
Batting: RHB Bill Powell 0-0: Swinging Strike
0-1: Swinging Strike
0-2: Ground out 5-3 (Groundball, 56)
Batting: RHB Doug Lutz 0-0: SINGLE (Flyball, 8RS)
Batting: LHB Scott Young 0-0: Ball
1-0: Ball
2-0: Ball
3-0: Base on Balls
Doug Lutz to second
Batting: LHB Harvey Moore 0-0: Fielders Choice at 2nd, U6 (Groundball, 6M)
Top of the 2nd over - 0 run(s), 1 hit(s), 0 error(s), 2 left on base; UCLA 0 - California 0
BOTTOM OF THE 2ND
California Golden Bears batting - Pitching for UCLA Bruins : RHP Manuel González
Batting: RHB Phil Garne 0-0: Ball
1-0: Ground out 1-3 (Groundball, 13S)
Batting: RHB Marv Shepard 0-0: Ball
1-0: Ball
2-0: Ball
3-0: Called Strike
3-1: Foul Ball, location: 2F
3-2: SINGLE (Flyball, 89S)
Batting: RHB Richard Stroud 0-0: Called Strike
0-1: Called Strike
0-2: Strikes out looking
Batting: RHB Francisco Méndez 0-0: Ball
1-0: Swinging Strike
1-1: Swinging Strike
1-2: Ground out 6-3 (Groundball, 6)
Bottom of the 2nd over - 0 run(s), 1 hit(s), 0 error(s), 1 left on base; UCLA 0 - California 0
TOP OF THE 3RD
UCLA Bruins batting - Pitching for California Golden Bears : RHP Steve Deal
Batting: RHB Wilson Metherall 0-0: Swinging Strike
0-1: Fly out, F2 (Popup, 2RF)
Batting: LHB Pedro Ramos 0-0: Called Strike
0-1: Called Strike
0-2: Ball
1-2: Ball
2-2: Ball
3-2: Base on Balls
Batting: RHB Roberto Rodríguez 0-0: Swinging Strike
0-1: Ball
1-1: Foul Ball, location: 2F
1-2: Strikes out looking
Batting: LHB Brian Bauer 0-0: Ball
1-0: Ball
2-0: Called Strike
Single, Error in OF, E9, batter to second base
Pedro Ramos to third
Batting: RHB Dean Bailey 0-0: Called Strike
0-1: SINGLE (Groundball, 6MD)
Pedro Ramos scores
Brian Bauer to third
Runner from 3rd tries for Home, SAFE, no throw or cutoff
Batting: RHB Bill Powell 0-0: Called Strike
0-1: Ball
1-1: Ball
2-1: Foul Ball, location: 2F
2-2: Strikes out swinging
Top of the 3rd over - 2 run(s), 2 hit(s), 1 error(s), 1 left on base; UCLA 2 - California 0
BOTTOM OF THE 3RD
California Golden Bears batting - Pitching for UCLA Bruins : RHP Manuel González
Batting: RHB Robin Dobson 0-0: Ball
1-0: Ball
2-0: Called Strike
2-1: Foul Ball, location: 2F
2-2: Strikes out swinging
Batting: SHB Jeff McGill 0-0: Ball
1-0: Swinging Strike
1-1: Fly out, F9 (Flyball, 89M)
Batting: LHB Noah Gillespie 0-0: Ball
1-0: Swinging Strike
1-1: Ball
2-1: Ball
3-1: Fly out, F8 (Flyball, 8LM)
Bottom of the 3rd over - 0 run(s), 0 hit(s), 0 error(s), 0 left on base; UCLA 2 - California 0
TOP OF THE 4TH
UCLA Bruins batting - Pitching for California Golden Bears : RHP Steve Deal
Batting: RHB Doug Lutz 0-0: Ball
1-0: Fly out, F7 (Flyball, 7LM)
Batting: LHB Scott Young 0-0: Ball
1-0: SINGLE (Line Drive, 9S)
Batting: LHB Harvey Moore 0-0: Ball
1-0: Foul Ball, location: 2F
1-1: Fly out, F9 (Flyball, 9M)
Batting: RHB Wilson Metherall 0-0: Swinging Strike
0-1: Called Strike
0-2: 2-RUN HOME RUN (Flyball, 78XD), Distance : 391 ft
Batting: LHB Pedro Ramos 0-0: Ball
1-0: SINGLE (Groundball, 15S) (infield hit)
Batting: RHB Roberto Rodríguez 0-0: Ball
1-0: Ball
2-0: Called Strike
2-1: Ground out 4-3 (Groundball, 34)
Top of the 4th over - 2 run(s), 3 hit(s), 0 error(s), 1 left on base; UCLA 4 - California 0
BOTTOM OF THE 4TH
California Golden Bears batting - Pitching for UCLA Bruins : RHP Manuel González
Batting: RHB Júlio López 0-0: Ball
1-0: Foul Ball, location: 2F
1-1: Swinging Strike
1-2: Strikes out swinging
Batting: LHB Sergio Fernández 0-0: Ball
1-0: Called Strike
1-1: Ball
2-1: Swinging Strike
2-2: SOLO HOME RUN (Flyball, 9LD), Distance : 340 ft
Batting: RHB Phil Garne 0-0: Ball
1-0: SINGLE (Groundball, 34)
Batting: RHB Marv Shepard 0-0: Ball
1-0: Called Strike
1-1: Ball
2-1: Swinging Strike
2-2: Fly out, F8 (Flyball, 89M)
Batting: RHB Richard Stroud 0-0: Swinging Strike
0-1: Ground out 6-3 (Groundball, 6)
Bottom of the 4th over - 1 run(s), 2 hit(s), 0 error(s), 1 left on base; UCLA 4 - California 1
TOP OF THE 5TH
UCLA Bruins batting - Pitching for California Golden Bears : RHP Steve Deal
Batting: LHB Brian Bauer 0-0: Ground out 1-3 (Groundball, 25)
Batting: RHB Dean Bailey 0-0: Called Strike
0-1: Ball
1-1: SINGLE (Line Drive, 56D)
Batting: RHB Bill Powell 0-0: Called Strike
0-1: Ball
1-1: SINGLE (Groundball, 4M)
Dean Bailey to second
Runner from 2nd tries for 3rd, SAFE, no throw or cutoff
Batting: RHB Doug Lutz 0-0: Ball
Bill Powell steals 2nd base
1-0: Ball
2-0: Called Strike
2-1: Ball
3-1: Ground out 4-3 (Groundball, 4)
Dean Bailey scores
Bill Powell to third
Batting: LHB Scott Young 0-0: Called Strike
0-1: Ball
1-1: Called Strike
1-2: Strikes out swinging
Top of the 5th over - 1 run(s), 2 hit(s), 0 error(s), 1 left on base; UCLA 5 - California 1
BOTTOM OF THE 5TH
California Golden Bears batting - Pitching for UCLA Bruins : RHP Manuel González
Batting: RHB Francisco Méndez 0-0: Foul Ball, location: 2F
0-1: Ball
1-1: Foul Ball, location: 2F
1-2: Foul Ball, location: 2F
1-2: Ball
2-2: Strikes out swinging
Batting: RHB Robin Dobson 0-0: Ball
1-0: Ball
2-0: Swinging Strike
2-1: Swinging Strike
2-2: Foul Ball, location: 2F
2-2: Fly out, F9 (Flyball, 89M)
Batting: SHB Jeff McGill 0-0: Ground out 4-3 (Groundball, 34)
Bottom of the 5th over - 0 run(s), 0 hit(s), 0 error(s), 0 left on base; UCLA 5 - California 1
TOP OF THE 6TH
UCLA Bruins batting - Pitching for California Golden Bears : RHP Steve Deal
Pitching: RHP Gregg Sullivan
Batting: LHB Harvey Moore 0-0: Called Strike
0-1: Called Strike
0-2: Ball
1-2: Ball
2-2: SINGLE (Groundball, 34D)
Batting: RHB Wilson Metherall 0-0: Ball
1-0: Ball
2-0: Called Strike
2-1: Called Strike
2-2: Foul Ball, location: 2F
2-2: Strikes out swinging
Batting: LHB Pedro Ramos 0-0: Ball
1-0: Called Strike
1-1: Ball
2-1: Ball
3-1: Foul Ball, location: 2F
3-2: Strikes out looking
Batting: RHB Roberto Rodríguez 0-0: Called Strike
0-1: Ground out 6-3 (Groundball, 6)
Top of the 6th over - 0 run(s), 1 hit(s), 0 error(s), 1 left on base; UCLA 5 - California 1
BOTTOM OF THE 6TH
California Golden Bears batting - Pitching for UCLA Bruins : RHP Manuel González
Batting: LHB Noah Gillespie 0-0: Swinging Strike
0-1: Swinging Strike
0-2: Ground out 4-3 (Groundball, 4M)
Batting: RHB Júlio López 0-0: Ball
1-0: Ball
2-0: Ball
3-0: Called Strike
3-1: Foul Ball, location: 2F
3-2: SINGLE (Line Drive, 8RS)
Pitching: LHP Josh Wall
Batting: LHB Sergio Fernández 0-0: Ball
1-0: Foul Ball, location: 2F
1-1: 2-RUN HOME RUN (Flyball, 8RXD), Distance : 401 ft
Batting: RHB Phil Garne 0-0: Ball
1-0: Foul Ball, location: 2F
1-1: Ball
2-1: Called Strike
2-2: Ball
3-2: Strikes out looking
Batting: RHB Marv Shepard 0-0: Ball
1-0: DOUBLE (Groundball, 5L)
Batting: RHB Richard Stroud 0-0: Swinging Strike
0-1: Called Strike
0-2: Ball
1-2: Foul Ball, location: 2F
1-2: Ball
2-2: Foul Ball, location: 2F
2-2: Ball
3-2: Foul Ball, location: 2F
Single, Error in OF, E7, batter to second base
Marv Shepard scores
Batting: RHB Francisco Méndez 0-0: Ball
1-0: Ball
2-0: Ball
3-0: Called Strike
3-1: Foul Ball, location: 2F
3-2: 2-RUN HOME RUN (Flyball, 7D), Distance : 348 ft
Pitching: RHP Brenton Jennings
Batting: RHB Robin Dobson 0-0: Ball
1-0: Ground out 4-3 (Groundball, 4)
Bottom of the 6th over - 5 run(s), 5 hit(s), 1 error(s), 0 left on base; UCLA 5 - California 6
TOP OF THE 7TH
UCLA Bruins batting - Pitching for California Golden Bears : RHP Gregg Sullivan
Batting: LHB Brian Bauer 0-0: Ball
1-0: Ground out 4-3 (Groundball, 4)
Batting: RHB Dean Bailey 0-0: Called Strike
0-1: Fly out, F9 (Flyball, 9M)
Batting: RHB Bill Powell 0-0: Foul Ball, location: 2F
0-1: Ground out 5-3 (Groundball, 56)
Top of the 7th over - 0 run(s), 0 hit(s), 0 error(s), 0 left on base; UCLA 5 - California 6
BOTTOM OF THE 7TH
California Golden Bears batting - Pitching for UCLA Bruins : RHP Brenton Jennings
Batting: SHB Jeff McGill 0-0: Ball
1-0: Ground out 6-3 (Groundball, 6M)
Batting: LHB Noah Gillespie 0-0: Foul Ball, location: 2F
0-1: Foul Ball, location: 2F
0-2: Foul Ball, location: 2F
0-2: Foul Ball, location: 2F
0-2: Ball
1-2: Ball
2-2: Ball
3-2: Fly out, F8 (Flyball, 8RM)
Batting: RHB Júlio López 0-0: Ground out U3 (Groundball, 3L)
Bottom of the 7th over - 0 run(s), 0 hit(s), 0 error(s), 0 left on base; UCLA 5 - California 6
TOP OF THE 8TH
UCLA Bruins batting - Pitching for California Golden Bears : RHP Gregg Sullivan
Pitching: RHP Aurelio Vásquez
Now at SS: Pat Bray
Now in LF: Jeff West
Batting: RHB Doug Lutz 0-0: Ball
1-0: Ball
2-0: Called Strike
2-1: Ball
3-1: Foul Ball, location: 2F
3-2: Strikes out swinging
Pitching: RHP Juan Bonilla
Batting: LHB Scott Young 0-0: Ball
1-0: Called Strike
1-1: Fly out, F8 (Flyball, 89D)
Pitching: LHP Josh West
Batting: LHB Harvey Moore 0-0: Called Strike
0-1: Ball
1-1: Foul Ball, location: 2F
1-2: Strikes out looking
Top of the 8th over - 0 run(s), 0 hit(s), 0 error(s), 0 left on base; UCLA 5 - California 6
BOTTOM OF THE 8TH
California Golden Bears batting - Pitching for UCLA Bruins : RHP Brenton Jennings
Batting: LHB Sergio Fernández 0-0: Ball
1-0: Ball
2-0: Called Strike
2-1: Ball
3-1: Called Strike
3-2: Base on Balls
Batting: RHB Phil Garne 0-0: Ball
1-0: Ball
2-0: Ball
3-0: Called Strike
3-1: Base on Balls
Sergio Fernández to second
Pinch Hitting: SHB Chris Woods 0-0: Ball
1-0: Foul Ball, location: 2F
1-1: Ball
2-1: Foul Ball, location: 2F
2-2: Fielders Choice at 2nd, 3-6 (Groundball, 3)
Sergio Fernández to third
Batting: RHB Richard Stroud 0-0: Ball
1-0: Called Strike
1-1: Grounds into double play, 6-4-3 (Groundball, 6)
Bottom of the 8th over - 0 run(s), 0 hit(s), 0 error(s), 1 left on base; UCLA 5 - California 6
TOP OF THE 9TH
UCLA Bruins batting - Pitching for California Golden Bears : LHP Josh West
Pitching: RHP Ricardo Martínez
Now at 2B: Kelsey Scott
Pinch Hitting: LHB Simon Collins 0-0: Reached on error, E1 (Groundball, 15S)
Batting: LHB Pedro Ramos 0-0: Ball
1-0: Foul Ball, location: 2F
1-1: Sac Bunt - play at second, runner OUT! 1-6
Batting: RHB Roberto Rodríguez 0-0: Ball
1-0: Called Strike
1-1: Swinging Strike
1-2: Foul Ball, location: 2F
1-2: Strikes out swinging
Batting: LHB Brian Bauer 0-0: Ball
1-0: Called Strike
1-1: Foul Ball, location: 2F
1-2: Foul Ball, location: 2F
1-2: Strikes out looking
Top of the 9th over - 0 run(s), 0 hit(s), 1 error(s), 1 left on base; UCLA 5 - California 6
This league is powered by Out of the Park Baseball, the baseball management simulation game for PC, Mac and Linux
Saturday, April 9th, 2016 - OOTP Baseball 16.8 Build 38